 Dungeon Crawl Stone Soup version 0.29.1-15-g9cfb28693d (webtiles) character file.

Game seed: 12193429728827743798

30 croobank the Firebug (level 2, 0/22 HPs)
             Began as a Demigod Fire Elementalist on Apr 17, 2023.
             Slain by a kobold
             ... wielding a +0 short sword
              (2 damage)
             ... on level 2 of the Dungeon.
             The game lasted 00:02:55 (880 turns).

croobank the Firebug (Demigod Fire Elementalist)     Turns: 880, Time: 00:02:55

Health: 0/22       AC:  2    Str:  9    XL:     2   Next: 84%
Magic:  1/7        EV: 12    Int: 17    God:
Gold:   65         SH:  0    Dex: 14    Spells: 1/4 levels left

rFire   . . .      SeeInvis .   g - +0 short sword
rCold   . . .      Faith    .   (no shield)
rNeg    . . .      Spirit   .   a - +0 robe
rPois   .          Reflect  .   (no helmet)
rElec   .          Harm     .   (no cloak)
rCorr   .          Rampage  .   (no gloves)
Will    .....                   (no boots)
Stlth   ++........              (no amulet)
HPRegen 0.07/turn               (no ring)
MPRegen 0.10/turn               (no ring)

@: no status effects
A: high MP 1, forlorn, divine attributes
a: no special abilities


You were on level 2 of the Dungeon.
You visited 1 branch of the dungeon, and saw 2 of its levels.

You collected 65 gold pieces.

Inventory:

Hand Weapons
 f - a +0 dagger
 g - a +0 short sword (weapon)
 k - a +0 hand axe
Armour
 a - a +0 robe (worn)
 c - a +0 kite shield
Magical Staves
 j - a staff of earth
Scrolls
 i - a scroll of identify
Potions
 b - a potion of magic


   Skills:
 + Level 0.7 Fighting
 + Level 2.1 Dodging
 + Level 2.1 Stealth
 + Level 0.6 Shields
 + Level 1.9 Spellcasting
 + Level 1.2 Conjurations
 + Level 2.8 Fire Magic


You had one spell level left.
You knew the following spells:

 Your Spells              Type           Power      Damage    Failure   Level
a - Foxfire               Conj/Fire      32%        2x1d5     9%          1
b - Scorch                Fire           22%        2d6       10%         2

Your spell library contained the following spells:

 Spells                   Type           Power      Damage    Failure   Level
 Summon Small Mammal      Summ           4%         N/A       21%         1
 Conjure Flame            Conj/Fire      8%         6-21      26%         3
 Inner Flame              Hex/Fire       6%         N/A       32%         3
 Call Canine Familiar     Summ           1%         N/A       52%         3
 Summon Guardian Golem    Hex/Summ       1%         N/A       52%         3
 Flame Wave               Conj/Fire      8%         2d5       63%         4


Dungeon Overview and Level Annotations

Branches:
Dungeon (2/15)

Annotations:
D:2 Jessica, Robin


Innate Abilities, Weirdness & Mutations

You have an increased reservoir of magic. (+10% MP)
You shall have no god before yourself.
Your divine heritage dramatically boosts your attributes as you level up.


Message History

The frilled lizard hisses angrily.
You feel sick.
You hear a shout!
The adder closely misses you.
Casting: Scorch (safe; 10% risk of failure)
Confirm with . or Enter, or press ? or * to list all spells.
Flames lash the goblin.
You kill the goblin!
You feel sick. The adder bites you.
* * * LOW HITPOINT WARNING * * *
Casting: Scorch (safe; 10% risk of failure)
Confirm with . or Enter, or press ? or * to list all spells.
Flames lash the adder.
The adder is severely wounded.
The adder's fire resistance burns away.
* * * LOW HITPOINT WARNING * * *
You feel sick.
You are no longer poisoned.
The adder misses you. The adder barely misses you.
Casting: Scorch (safe; 10% risk of failure)
Confirm with . or Enter, or press ? or * to list all spells.
You conjure some foxfire!
The adder misses you. x2
Found a leather armour.
The adder is no longer more vulnerable to fire.
The foxfire hits the adder.
You kill the adder!
The foxfire hits the endoplasm.
The endoplasm is severely wounded.
You see here a +0 hat.
Found a stone staircase leading down.
The endoplasm attacks as you move away! The endoplasm barely misses you.
A kobold comes into view. It is wielding a +0 short sword.
The kobold shouts!
Jessica the Apprentice Sorceress comes into view.
She is wielding a +0 club.
The endoplasm attacks as you move away! The endoplasm barely misses you.
Found 2 stones.
Jessica shouts!
Found 20 gold pieces and a potion of curing.
The kobold hits you with a +0 short sword.
You die...

..g.# ###.# .......
.g.... #.# #........
....### #l### #......!.
:...# #.l.####........
....###.#.....##........
........:..[Sg...@...(..
............##J#.....$..
.[.......##...K......
.....)...###.@.......
######...# ##.>..#...
#...# ##.#.# #...# .# ..
#...# .# ## .. ##


You could see an adder, Jessica, an endoplasm, a hobgoblin, a kobold and 2
frilled lizards.

Vanquished Creatures
  An adder (D:2)
  3 giant cockroaches (D:1)
  3 goblins
  2 hobgoblins (D:1)
  3 jackals (D:1)
  A quokka (D:1)
  3 frilled lizards
  A kobold (D:1)
  A rat (D:1)
18 creatures vanquished.

Vanquished Creatures (others)
  51 foxfires
51 creatures vanquished.

Grand Total: 69 creatures vanquished

Notes
Turn   | Place    | Note
-------+----------+-------------------------------------------
     0 | D:1      | croobank the Demigod Fire Elementalist began the quest for
                  | the Orb.
     0 | D:1      | Reached XP level 1. HP: 14/14 MP: 5/5
   190 | D:1      | Reached skill level 1 in Conjurations
   334 | D:1      | Reached XP level 2. HP: 22/22 MP: 1/7
   337 | D:1      | Learned a level 2 spell: Scorch
   845 | D:2      | Noticed Robin
   870 | D:2      | HP: 1/22 [poisoned by an adder]
   877 | D:2      | Noticed Jessica
   880 | D:2      | Slain by a kobold

Illustrated notes

Levels and vault maps discovered:
D:1:      psy_arrival_conway, layout_basic, shapermc_ecumenical_altar_venn
D:2:      layout_basic, uniq_jessica, uniq_robin

Skill      XL: |  1  2 |
---------------+-------+-----
Conjurations   | 1 |  1.2
Dodging        | 2 |  2.1
Stealth        | 2 |  2.1
Fighting       | |  0.7
Shields        | |  0.6
Spellcasting   | |  1.9
Fire Magic     | |  2.8

Action                   || total
-------------------------++-------
Melee: Unarmed           ||     1
       Short sword       ||     9
 Cast: Foxfire           ||    31
       Scorch            ||     5
  Use: Scroll            ||     3
       Potion            ||     1
Armor: Robe              ||     8
Dodge: Dodged            ||    29
